 Dungeon Crawl Stone Soup version 0.29-a0-577-gafbf2c5d25 (webtiles) character file.

Game seed: 16555613049324528346

116 DocClef the Covert (level 5, -4/47 HPs)
             Began as a Gnoll Delver on June 13, 2022.
             Killed from afar by a white imp (6 damage)
             ... with a puff of frost
             ... on level 6 of the Dungeon.
             The game lasted 00:00:23 (474 turns).

DocClef the Covert (Gnoll Delver)                    Turns: 474, Time: 00:00:24

Health: -4/47      AC:  3    Str: 11    XL:     5   Next: 0%
Magic:  6/6        EV: 13    Int:  9    God:
Gold:   0          SH:  0    Dex: 16    Spells: 6/6 levels left

rFire   . . .      SeeInvis .   a - +0 short sword
rCold   . . .      Faith    .   (no shield)
rNeg    . . .      Spirit   .   b - +0 leather armour
rPois   .          Reflect  .   (no helmet)
rElec   .          Harm     .   (no cloak)
rCorr   .          Rampage  .   (no gloves)
Will    .....                   (no boots)
Stlth   ++++......              (no amulet)
HPRegen 0.15/turn               (no ring)
MPRegen 0.10/turn               (no ring)

@: no status effects
A: fangs 1, strong nose, distributed training
a: no special abilities


You were on level 6 of the Dungeon.
You visited 1 branch of the dungeon, and saw 2 of its levels.

Inventory:

Hand Weapons
 a - a +0 short sword (weapon)
Armour
 b - a +0 leather armour (worn)
Wands
 g - a wand of digging (3)
 h - a wand of polymorph (11)
Scrolls
 c - a scroll of fog
 d - a scroll of magic mapping
 e - a scroll of fear
Potions
 f - a potion of haste


   Skills:
 + Level 6.6 Fighting
 + Level 4.7 Short Blades
 + Level 1.3 Long Blades
 + Level 1.3 Axes
 + Level 1.3 Maces & Flails
 + Level 1.3 Polearms
 + Level 1.3 Staves
 + Level 1.3 Slings
 + Level 1.3 Bows
 + Level 1.3 Crossbows
 + Level 1.3 Throwing
 + Level 1.3 Armour
 + Level 4.7 Dodging
 + Level 9.6 Stealth
 + Level 1.3 Shields
 + Level 1.3 Unarmed Combat
 + Level 1.3 Spellcasting
 + Level 1.0 Conjurations
 + Level 1.0 Hexes
 + Level 1.0 Summonings
 + Level 1.0 Necromancy
 + Level 1.0 Translocations
 + Level 1.0 Transmutations
 + Level 1.0 Fire Magic
 + Level 1.0 Ice Magic
 + Level 1.0 Air Magic
 + Level 1.0 Earth Magic
 + Level 1.0 Poison Magic
 + Level 1.4 Invocations
 + Level 1.3 Evocations


You had 6 spell levels left.
You didn't know any spells.
Your spell library contained the following spells:

 Spells                   Type           Power      Damage    Failure   Level
 Sandblast                Erth           4%         2d4       30%         1
 Passwall                 Tmut/Erth      1%         N/A       43%         2
 Stone Arrow              Conj/Erth      4%         3d7       67%         3


Dungeon Overview and Level Annotations

Branches:
Dungeon (6/15)
 Temple: D:4-7

Altars:

Portals:
Abyss: D:5


Innate Abilities, Weirdness & Mutations

You have very sharp teeth.
Your uncanny sense of smell can sniff out nearby items.
Your experience applies equally to all skills.


Message History

You hit the hound.
The hound is severely wounded.
The hound barely misses you. The hound misses you.
You hit the hound but do no damage.
The hound is severely wounded.
The hound closely misses you.
You barely miss the hound.
The hound is severely wounded.
The hound misses you.
You closely miss the hound.
The hound is severely wounded.
The hound closely misses you. The hound bites you.
* * * LOW HITPOINT WARNING * * *
You barely miss the hound.
The hound is severely wounded.
The hound closely misses you.
You hit the hound.
The hound is almost dead.
The hound bites you but does no damage.
You hit the hound.
You kill the hound!
The white imp gestures at you. The puff of frost hits you!
* * * LOW HITPOINT WARNING * * *
Your Conjurations skill increases to level 1!
Your Hexes skill increases to level 1!
Your Summonings skill increases to level 1!
Your Necromancy skill increases to level 1!
Your Translocations skill increases to level 1!
Your Transmutations skill increases to level 1!
Your Fire Magic skill increases to level 1!
Your Ice Magic skill increases to level 1!
Your Air Magic skill increases to level 1!
Your Earth Magic skill increases to level 1!
Your Poison Magic skill increases to level 1!
You have reached level 5!
A gnoll comes into view. It is wielding a +0 whip.
The white imp gestures at you. The puff of frost hits you.
You die...

#.#[.........#
#.#......###.# .# #
#####.####...# #.#
.#.# . ....#.#
#.#####.##.#.#.#
##.##.#
#.##....#....g
<#.##.# #.##.####....
.#.##.####.##.# ..#
.#.##.......#.####z.#
##.##(.######...@5l.#
...##..#
#######......
.......# .....
######.# .###
##...####### +
#..........#
#..........#
#..........#
####.#########


You could see an iguana, a wight, a gnoll (wandering) and a white imp.

Vanquished Creatures
  2 hounds (D:6)
  2 jellies (D:6)
4 creatures vanquished.

Notes
Turn   | Place    | Note
-------+----------+-------------------------------------------
     0 | D:5      | Reached skill level 9 in Stealth
     0 | D:5      | DocClef the Gnoll Delver began the quest for the Orb.
     0 | D:5      | Reached XP level 1. HP: 23/23 MP: 1/1
     2 | D:5      | Found a one-way gate to the infinite horrors of the Abyss.
     2 | D:5      | Identified the +2 dagger of the Known World {distort, rN++}
     2 | D:5      | Noticed a kobold brigand
    43 | D:6      | Noticed a jelly
    48 | D:6      | Killed a jelly
    49 | D:6      | Reached XP level 2. HP: 15/29 MP: 2/2
    49 | D:6      | Reached XP level 3. HP: 18/35 MP: 3/3
   206 | D:6      | Reached skill level 1 in Long Blades
   206 | D:6      | Reached skill level 1 in Axes
   206 | D:6      | Reached skill level 1 in Maces & Flails
   206 | D:6      | Reached skill level 1 in Polearms
   206 | D:6      | Reached skill level 1 in Staves
   206 | D:6      | Reached skill level 1 in Slings
   206 | D:6      | Reached skill level 1 in Bows
   206 | D:6      | Reached skill level 1 in Crossbows
   206 | D:6      | Reached skill level 1 in Throwing
   206 | D:6      | Reached skill level 1 in Armour
   206 | D:6      | Reached skill level 1 in Shields
   206 | D:6      | Reached skill level 1 in Unarmed Combat
   206 | D:6      | Reached skill level 1 in Spellcasting
   206 | D:6      | Reached skill level 1 in Invocations
   206 | D:6      | Reached skill level 1 in Evocations
   218 | D:6      | Reached XP level 4. HP: 26/41 MP: 3/5
   473 | D:6      | HP: 2/41 [white imp/puff of frost (9)]
   474 | D:6      | Reached skill level 1 in Conjurations
   474 | D:6      | Reached skill level 1 in Hexes
   474 | D:6      | Reached skill level 1 in Summonings
   474 | D:6      | Reached skill level 1 in Necromancy
   474 | D:6      | Reached skill level 1 in Translocations
   474 | D:6      | Reached skill level 1 in Transmutations
   474 | D:6      | Reached skill level 1 in Fire Magic
   474 | D:6      | Reached skill level 1 in Ice Magic
   474 | D:6      | Reached skill level 1 in Air Magic
   474 | D:6      | Reached skill level 1 in Earth Magic
   474 | D:6      | Reached skill level 1 in Poison Magic
   474 | D:6      | Reached XP level 5. HP: 2/47 MP: 6/6
   474 | D:6      | Killed from afar by a white imp

Illustrated notes

Levels and vault maps discovered:
D:5:      due_chaos_kobolds, layout_gridville, serial_shops, kennysheep_mini,
          minmay_checkerbox, uniq_prince_ribbit1, uniq_duvessa
D:6:      layout_basic, minmay_misc_feat_nine_boxes

Skill      XL: |  1  2  3  4 |
---------------+-------------+-----
Stealth        | |  9.6
Long Blades    | 1 |  1.3
Axes           | 1 |  1.3
Maces & Flails | 1 |  1.3
Polearms       | 1 |  1.3
Staves         | 1 |  1.3
Slings         | 1 |  1.3
Bows           | 1 |  1.3
Crossbows      | 1 |  1.3
Throwing       | 1 |  1.3
Armour         | 1 |  1.3
Shields        | 1 |  1.3
Unarmed Combat | 1 |  1.3
Spellcasting   | 1 |  1.3
Invocations    | 1 |  1.4
Evocations     | 1 |  1.3
Conjurations   | 1 |  1.0
Hexes          | 1 |  1.0
Summonings     | 1 |  1.0
Necromancy     | 1 |  1.0
Translocations | 1 |  1.0
Transmutations | 1 |  1.0
Fire Magic     | 1 |  1.0
Ice Magic      | 1 |  1.0
Air Magic      | 1 |  1.0
Earth Magic    | 1 |  1.0
Poison Magic   | 1 |  1.0
Fighting       | |  6.6
Short Blades   | |  4.7
Dodging        | |  4.7

Action                   |  1- 3 |  4- 6 || total
-------------------------+-------+-------++-------
Melee: Short sword       |    12 |    25 ||    37
       Bite              |     2 |     2 ||     4
       Punch             |     1 |       ||     1
 Stab: Sleeping          |     1 |       ||     1
Armor: Leather armour    |     1 |     5 ||     6
Dodge: Dodged            |     8 |    22 ||    30

Table legend: (Time is in decaauts)
 A = Elapsed time spent in this place.
 B = Non-inter-level travel time spent in this place.
 C = Inter-level travel time spent in this place.
 D = Time resting spent in this place.
 E = Time spent auto-exploring this place.
 F = Levels seen in this place.
 G = Mean time per level.
                   A        B        C        D        E       F      G
               +--------+--------+--------+--------+--------+-----+--------+
         Total |    468 |    462 |      6 |      0 |    402 |   2 |  234.0 |
       Dungeon |    468 |    462 |      6 |      0 |    402 |   2 |  234.0 |
               +--------+--------+--------+--------+--------+-----+--------+

Top non-repeatable levels by time:
     D:6: 448 daAuts
     D:5: 20 daAuts
